 Dungeon Crawl Stone Soup version 0.13-a0-3159-gc5ce8eb (webtiles) character file.

62 Kae the Firebug (level 2, 8/20 HPs)
             Began as a Lava Orc Fire Elementalist on Sept 24, 2013.
             Quit the game on Level 1 of the Dungeon.
             The game lasted 00:01:46 (910 turns).

Kae the Firebug (Lava Orc Fire Elementalist)         Turns: 910, Time: 00:01:46

HP   8/20        AC  4     Str 10      XL: 2   Next: 58%
MP   0/4         EV 11     Int 15      God:
Gold 42          SH  0     Dex 11      Spells:  1 memorised,  2 levels left

Res.Fire  : + . .   See Invis. : .   g - +0,+1 dagger (drain)
Res.Cold  : . . .   Warding    : .   a - +0 orc robe
Life Prot.: . . .   Conserve   : .   (no shield)
Res.Poison: .       Res.Corr.  : .   (no helmet)
Res.Elec. : .       Clarity    : .   (no cloak)
Sust.Abil.: . .     Spirit.Shd : .   (no gloves)
Res.Mut.  : .       Stasis     : .   (no boots)
Res.Rott. : .       Flight     : .   (no amulet)
Saprovore : + . .                    (no ring)
                                     (no ring)

@: very slightly contaminated, heavily drained, slow, not resistant to hostile
enchantments, unstealthy
A: conserve scrolls, saprovore 1
a: no special abilities


You were on level 1 of the Dungeon.
You were not hungry.

You visited 1 branch of the dungeon, and saw 1 of its levels.

You collected 22 gold pieces.

Inventory:

Hand weapons
 g - a +0,+1 dagger of draining (weapon)
Missiles
 i - 22 darts (quivered)
Armour
 a - a +0 orcish robe (worn)
Comestibles
 c - a meat ration
 f - a bread ration
Scrolls
 d - 3 scrolls of fear {unknown}
 e - a scroll of blinking {unknown}
Potions
 h - a potion of speed {unknown}
 j - a potion of heal wounds {unknown}
Books
 b - a book of Flames

   Spells                             Type                      Level
   *Flame Tongue                      Conjuration/Fire             1
   Throw Flame                        Conjuration/Fire             2
   Conjure Flame                      Conjuration/Fire             3
   Inner Flame                        Hexes/Fire                   3
   Sticky Flame                       Conjuration/Fire             4
   Fireball                           Conjuration/Fire             5


   Skills:
 - Level 1.5(0.0) Dodging
 - Level 1.5(0.0) Stealth
 + Level 1.2(0.0) Spellcasting
 * Level 2.0(0.3) Conjurations
 + Level 3.9(2.1) Fire Magic


You had 2 spell levels left.
You knew the following spells:

 Your Spells              Type           Power        Failure   Level  Hunger
a - Flame Tongue          Conj/Fire      #....        17%         1    ##.....


Dungeon Overview and Level Annotations

Branches:
Dungeon (1/27)

Altars:


Innate Abilities, Weirdness & Mutations

You have stony skin.
You cover ground slowly.
Your flesh is heat resistant.
Your flesh is vulnerable to cold.
Your heat harms attackers.
You bathe your surroundings in blazing heat.
You are too hot to use scrolls.
You are very good at protecting items from fire.
You can tolerate rotten meat.


Message History

Confirm with . or Enter, or press ? or * to list all spells.
You don't have enough magic to cast that spell.
You are too injured to fight recklessly!
You are too injured to fight recklessly!
You are too injured to fight recklessly!
Casting: Flame Tongue
Confirm with . or Enter, or press ? or * to list all spells.
You don't have enough magic to cast that spell.
You hit the ooze. You drain the ooze!
You kill the ooze!
Saving game... please wait.
Welcome back, Kae the Lava Orc Fire Elementalist.
Press ? for a list of commands and other information.
Saving game... please wait.
Welcome back, Kae the Lava Orc Fire Elementalist.
Press ? for a list of commands and other information.
Saving game... please wait.
Welcome back, Kae the Lava Orc Fire Elementalist.
Press ? for a list of commands and other information.
Are you sure you want to abandon this character and quit the game? (Confirm with "yes".)

######
#########.......
#......@........
#...............
#..........?....
#...............
#...............
#...............
#..........#####
#..........#
#....).....#


There were no monsters in sight!

Vanquished Creatures
  A giant gecko (D:1)
  A bat (D:1)
  2 giant cockroaches (D:1)
  2 hobgoblins (D:1)
  An ooze (D:1)
  4 giant newts (D:1)
  4 goblins (D:1)
  A kobold (D:1)
  4 rats (D:1)
20 creatures vanquished.

Notes
Turn   | Place    | Note
--------------------------------------------------------------
     0 | D:1      | Kae, the Lava Orc Fire Elementalist, began the quest for the Orb.
     0 | D:1      | Reached XP level 1. HP: 14/14 MP: 3/3
   402 | D:1      | Reached XP level 2. HP: 10/20 MP: 0/4
   910 | D:1      | Quit the game

Action                   || total
-------------------------++-------
Melee: Unarmed           ||    46
       Dagger            ||    13
 Cast: Flame Tongue      ||    24
